 Dungeon Crawl Stone Soup version 0.29.1-2-gbd0b4ee654 (console) character file.

Game seed: 3563721490015852416

17311 om the Envoy of Void (level 12, 0/101 HPs)
             Began as a Minotaur Abyssal Knight on Nov 2, 2022.
             Was a High Priest of Lugonu.
             Slain by a skeletal warrior
             ... wielding a +0 halberd
              (25 damage)
             ... on level 11 of the Dungeon.
             The game lasted 00:27:23 (13231 turns).

om the Envoy of Void (Minotaur Abyssal Knight)     Turns: 13231, Time: 00:27:24

Health: 0/101      AC: 16    Str: 21    XL:     12   Next: 17%
Magic:  20/21      EV:  9    Int:  7    God:    Lugonu [*****.]
Gold:   835        SH:  0    Dex: 13    Spells: 11/11 levels left

rFire   + . .      SeeInvis .   E - +2 spear (distort)
rCold   . . .      Faith    .   (no shield)
rNeg    + . .      Spirit   .   w - +1 chain mail {rF+}
rPois   +          Reflect  .   x - +2 hat
rElec   +          Harm     +   k - +1 cloak {Will+}
rCorr   +          Rampage  .   (no gloves)
Will    +....                   h - +0 pair of boots of the Orb Guardian {Harm rElec rPois rCorr}
Stlth   ..........              (no amulet)
HPRegen 0.26/turn               u - ring of poison resistance
MPRegen 0.17/turn               v - ring of positive energy

@: no status effects
A: horns 2, retaliatory headbutt
a: Renounce Religion, Depart the Abyss, Bend Space, Banish, Corrupt, Enter the
Abyss


You were on level 11 of the Dungeon.
You worshipped Lugonu.
Lugonu was extremely pleased with you.
You visited 1 branch of the dungeon, and saw 11 of its levels.
You visited the Abyss 1 time.
You also visited: Sewer.

You collected 835 gold pieces.

Inventory:

Hand Weapons
 a - a +1 hand axe
 p - a +0 vampiric hand axe
 r - the +6 hand axe "Zierych" {vorpal, rN+ Str+4 SInv}
   (You found it on level 4 of the Dungeon)

   It inflicts extra damage upon your enemies.
   Str:       It affects your strength (+4).
   rN:        It protects you from negative energy.
   SInv:      It lets you see invisible.
 E - a +2 spear of distortion (weapon)
Missiles
 b - 2 throwing nets
Armour
 h - the +0 pair of boots of the Orb Guardian (worn) {Harm rElec rPois rCorr}
   (You found it on level 4 of the Dungeon)

   rElec:     It insulates you from electricity.
   rPois:     It protects you from poison.
   rCorr:     It protects you from acid and corrosion.
   Harm:      It increases damage dealt and taken.
 k - a +1 cloak of willpower (worn)
 w - a +1 chain mail of fire resistance (worn)
 x - a +2 hat (worn)
 J - +0 acid dragon scales
Jewellery
 u - a ring of poison resistance (left hand)
 v - a ring of positive energy (right hand)
 z - a +6 ring of dexterity
 F - a +6 ring of dexterity
Wands
 e - a wand of flame (5)
 l - a wand of iceblast (12)
 m - a wand of acid (4)
 A - a wand of charming (7)
Scrolls
 c - a scroll of immolation
 d - 12 scrolls of teleportation
 i - a scroll of fog
 j - 2 scrolls of poison
 q - 2 scrolls of magic mapping
 t - 2 scrolls of fear {unknown}
 y - 4 scrolls of silence {unknown}
 C - a scroll of brand weapon
 G - 2 scrolls of acquirement {unknown}
Potions
 f - 2 potions of ambrosia
 g - 9 potions of flight
 n - a potion of berserk rage {unknown}
 o - 4 potions of curing
 s - 2 potions of resistance
 B - 3 potions of lignification
 D - 5 potions of brilliance
 H - a potion of might {unknown}
 I - 2 potions of heal wounds


   Skills:
 - Level 8.0 Fighting
 + Level 12.9(13.4) Axes
 - Level 6.0(10.3) Polearms
 - Level 5.0 Armour
 - Level 5.0 Dodging
 + Level 14.1 Invocations


You had 11 spell levels left.
You didn't know any spells.
Your spell library contained the following spells:

 Spells                   Type           Power      Damage    Failure   Level
 Apportation              Tloc           0%         N/A       99%         1
 Necrotise                Necr           0%         1d4       99%         1
 Summon Small Mammal      Summ           0%         N/A       99%         1
 Gell's Gravitas          Tloc           0%         N/A       100%        3
 Inner Flame              Hex/Fire       0%         N/A       100%        3
 Teleport Other           Tloc           0%         N/A       100%        3
 Tukima's Dance           Hex            0%         N/A       100%        3
 Cause Fear               Hex            0%         N/A       100%        4
 Passage of Golubria      Tloc           0%         N/A       100%        4
 Yara's Violent Unravell  Hex/Tmut       0%         3d3       100%        5
 Dispersal                Tloc           0%         N/A       100%        6
 Discord                  Hex            0%         N/A       100%        8
 Dragon's Call            Summ           0%         N/A       100%        9


Dungeon Overview and Level Annotations

Branches:
Dungeon (11/15)            Temple (0/1) D:6            Lair (0/5) D:10
    Orc (0/2) D:11          Sewer (visited)

Altars:
Cheibriados
Elyvilon
Gozag
Hepliaklqana
Sif Muna
Vehumet
Xom
The Shining One

Shops:
D:2 (=:(   D:9 *   D:11 (

Portals:
Trove: D:10 (give horn of Geryon)

Annotations:
Abyss:1 mortz's ghost, novice GrFi


Innate Abilities, Weirdness & Mutations

You have a pair of horns on your head.
You reflexively headbutt those who attack you in melee.


Message History

The barbed spikes become lodged in your body.
You hear a shout! x3
There is an open door here.
The barbed spikes dig painfully into your body as you move.
You close the door.
You start resting.
You carefully extract the barbed spikes from your body.
You start resting.
A manticore and a skeletal warrior come into view.
You reach to attack!
You hit the manticore.
The manticore is lightly wounded.
The manticore blinks!
The deep elf archer mumbles some strange words.
The deep elf archer blinks!
You reach to attack!
You hit the manticore but do no damage.
Space warps around the manticore.
The manticore is lightly wounded.
You miss the killer bee. The killer bee stings you.
You hit the manticore but do no damage.
Space warps around the manticore.
You headbutt the manticore!
The manticore is heavily wounded.
The killer bee barely misses you. You furiously retaliate!
You headbutt the killer bee.
The skeletal warrior hits you from afar with a +0 halberd!
The manticore bites you!
* * * LOW HITPOINT WARNING * * *
The manticore closely misses you.
The manticore claws you but does no damage.
Okay, then.
Space bends violently around you!
You blink.
A boulder beetle, an orc wizard, an orc and a vampire come into view.
The orc wizard shouts!
The orc shouts!
You hear two shouts!
The orc wizard mumbles some strange words.
The orc wizard flickers and vanishes!
Deactivating autopickup; reactivate with Ctrl-A.
The killer bee stings you but does no damage.
The orc shoots a sling bullet.
The sling bullet hits you but does no damage.
The skeletal warrior hits you from afar with a +0 halberd!!
You die...

≈≈≈≈≈≈≈≈≈~.###...# #(
≈≈≈≈≈≈≈≈≈#'#.....# #.
≈≈≈≈≈≈≈###.......# . #.
≈≈≈≈≈###...).H...# .. #.
≈≈####.......§.### # .V
#.
≈≈≈#.###.....#u#.#.#o#
#.
≈≈≈#...###.###.z.#.^.###
#.
≈≈≈#.....###...y.'.{B..#
#. ####......#
##..@#...# #. #......#
#'#!# #'# ## ####......#
...### .
).z'......'.....
####......#. ..#
#......# # #......# #
#...z.### # #...#'#.###
# ##


You could see a boulder beetle, a red ugly thing, a skeletal warrior, a
manticore, a vampire, a killer bee and an orc.

Vanquished Creatures
  3 two-headed ogres
  A skeletal warrior (D:11)
  A gargoyle (D:11)
  3 kobold demonologists (D:10)
  An unseen horror (D:10)
  3 trolls (D:11)
  A hornet (D:9)
  Grinder (D:3)
  A shadow (D:10)
  14 yaks
  A vampire (D:9)
  2 wyverns
  A wraith (D:9)
  Eustachio (D:6)
  2 water elementals (D:11)
  4 vampire mosquitoes
  A steam dragon (D:8)
  3 wargs (D:10)
  2 acid dragons (D:11)
  An ice beast (D:6)
  A black bear (D:5)
  3 sky beasts (D:7)
  4 orc warriors (D:11)
  4 centaurs
  2 phantoms (D:6)
  7 kobold brigands
  A gnoll sergeant (D:9)
  2 bullfrogs
  A scorpion (D:5)
  11 wights (D:8)
  12 electric eels
  4 hounds
  Crazy Yiuf (D:2)
  5 orc priests
  A jelly (D:7)
  A gnoll bouda (D:6)
  3 iguanas
  Jessica (D:3)
  Natasha (D:2)
  A merfolk siren (Sewer)
  11 orc wizards
  A merfolk avatar (Sewer)
  Robin (D:3)
  10 gnolls
  11 adders
  A river rat (Sewer)
  An ufetubus (D:4)
  2 worms (D:2)
  A dart slug (D:3)
  37 orcs
  4 bats
  7 endoplasms
  7 giant cockroaches
  23 goblins
  9 hobgoblins
  9 quokkas
  7 ball pythons
  4 frilled lizards
  21 kobolds
  20 rats
300 creatures vanquished.

Vanquished Creatures (others)
  3 kobolds (D:8)
  26 plants
29 creatures vanquished.

Grand Total: 329 creatures vanquished

Notes
Turn   | Place    | Note
-------+----------+-------------------------------------------
     0 | Abyss:1  | om the Minotaur Abyssal Knight began the quest for the Orb.
     0 | Abyss:1  | Reached XP level 1. HP: 19/19 MP: 1/1
    80 | Abyss:1  | Noticed a tentacled starspawn
    82 | D:1      | Escaped the Abyss
   158 | D:1      | Reached ** piety under Lugonu
   277 | D:1      | Found a faded altar of an unknown god.
   738 | D:1      | Reached skill level 2 in Invocations
   738 | D:1      | Reached XP level 2. HP: 27/27 MP: 2/2
   886 | D:2      | Found Esuwoylum's Book Emporium.
   894 | D:2      | Found Pelah's Jewellery Shoppe.
   989 | D:2      | Found Ihud's Weapon Emporium.
  1004 | D:2      | Identified the -2 hat "Xusuhiss" {Harm rF- rC+}
  1021 | D:2      | Reached XP level 3. HP: 29/33 MP: 3/3
  1163 | D:2      | Found Uqos's Weapon Shop.
  1169 | D:2      | Noticed Natasha
  1175 | D:2      | Killed Natasha
  1421 | D:2      | Found a runed translucent door.
  1422 | D:2      | Noticed Crazy Yiuf
  1430 | D:2      | Killed Crazy Yiuf
  1431 | D:2      | Reached XP level 4. HP: 40/40 MP: 4/4
  1486 | D:3      | Noticed Jessica
  1497 | D:3      | Killed Jessica
  1506 | D:3      | Reached *** piety under Lugonu
  1513 | D:3      | Noticed Grinder
  1526 | D:3      | Killed Grinder
  1527 | D:3      | Reached skill level 3 in Invocations
  1527 | D:3      | Reached XP level 5. HP: 28/47 MP: 6/6
  1527 | D:3      | Reached XP level 6. HP: 33/55 MP: 7/7
  1753 | D:3      | Noticed Robin
  1966 | D:3      | Reached skill level 5 in Fighting
  2151 | D:3      | Killed Robin
  2600 | D:3      | Found a hazy altar of Hepliaklqana.
  3030 | D:3      | You fall into a shaft and drop 1 floor!
  3540 | D:4      | Reached **** piety under Lugonu
  4016 | D:4      | Identified the +6 hand axe "Zierych" {vorpal, rN+ Str+4
                  | SInv}
  4149 | D:4      | Identified the +0 pair of boots of the Orb Guardian {Harm
                  | rElec rPois rCorr}
  4251 | D:4      | Found a shimmering altar of Xom.
  4396 | D:4      | Reached XP level 7. HP: 57/61 MP: 8/8
  4457 | D:5      | Entered Level 5 of the Dungeon
  4464 | D:5      | Reached skill level 4 in Invocations
  4465 | D:5      | Reached skill level 5 in Axes
  4537 | D:5      | Reached skill level 5 in Armour
  4577 | D:5      | Found a glowing drain.
  4592 | Sewer    | Entered a sewer
  4627 | Sewer    | Reached ***** piety under Lugonu
  4805 | Sewer    | Identified the +0 ring mail of the Crypt {Drain rElec Will+
                  | Dex+3}
  5057 | D:5      | Reached skill level 5 in Invocations
  5059 | D:5      | Reached XP level 8. HP: 51/68 MP: 10/10
  5479 | D:6      | Found a staircase to the Ecumenical Temple.
  5639 | D:6      | Reached skill level 5 in Dodging
  5639 | D:6      | Reached skill level 6 in Invocations
  5948 | D:6      | Noticed Eustachio
  5975 | D:6      | Killed Eustachio
  5976 | D:6      | Reached skill level 7 in Invocations
  6382 | D:7      | Reached XP level 9. HP: 74/74 MP: 13/13
  6386 | D:7      | Reached skill level 8 in Invocations
  6990 | D:8      | Reached skill level 9 in Invocations
  7428 | D:8      | Reached skill level 10 in Invocations
  8006 | D:8      | Reached XP level 10. HP: 80/81 MP: 16/16
  8032 | D:8      | Found a runed translucent door.
  8038 | D:8      | Noticed mortz's ghost (novice GrFi)
  8042 | D:8      | Banished mortz's ghost
  8043 | D:8      | Reached skill level 10 in Axes
  8080 | D:8      | Found a shimmering blue altar of Sif Muna.
  8592 | D:9      | Noticed a two-headed ogre
  8600 | D:9      | Killed a two-headed ogre
  8738 | D:9      | Reached skill level 11 in Invocations
  9137 | D:9      | Reached skill level 1 in Polearms
  9375 | D:9      | Found a glowing golden altar of the Shining One.
  9413 | D:9      | Found Gozag's Platinum Reserve.
  9416 | D:9      | Found an opulent altar of Gozag.
  9919 | D:10     | Entered Level 10 of the Dungeon
  9959 | D:10     | Found a white marble altar of Elyvilon.
 10046 | D:10     | Found a snail-covered altar of Cheibriados.
 10115 | D:10     | Found a staircase to the Lair.
 10527 | D:10     | Noticed a smoke demon
 10534 | D:10     | Noticed a smoke demon
 10538 | D:10     | Reached skill level 12 in Invocations
 10538 | D:10     | Reached XP level 11. HP: 71/94 MP: 17/19
 10540 | D:10     | Reached skill level 5 in Polearms
 10728 | D:10     | Found a portal to a secret trove of treasure.
 11328 | D:10     | Noticed a two-headed ogre
 11334 | D:10     | Banished a two-headed ogre
 11496 | D:11     | Found a staircase to the Orcish Mines.
 11496 | D:11     | Noticed an orc knight
 11501 | D:11     | Banished an orc knight
 11798 | D:11     | Noticed a skeletal warrior
 11824 | D:11     | Killed a skeletal warrior
 11825 | D:11     | Reached skill level 13 in Invocations
 12041 | D:11     | Noticed a centaur warrior
 12049 | D:11     | Banished a centaur warrior
 12257 | D:11     | Got The Almanac of Greatest Risks and Utility
 12269 | D:11     | Noticed a skeletal warrior
 12340 | D:11     | Banished a skeletal warrior
 12561 | D:11     | Found a radiant altar of Vehumet.
 12684 | D:11     | Noticed a two-headed ogre
 12699 | D:11     | Killed a two-headed ogre
 12705 | D:11     | Noticed a boulder beetle
 12733 | D:11     | Banished a boulder beetle
 12734 | D:11     | Reached XP level 12. HP: 80/101 MP: 16/21
 12882 | D:11     | Found Nar Jeat's Weapon Shop.
 13075 | D:11     | Reached skill level 14 in Invocations
 13201 | D:11     | Noticed a two-headed ogre
 13207 | D:11     | Killed a two-headed ogre
 13231 | D:11     | Noticed a boulder beetle
 13231 | D:11     | Slain by a skeletal warrior

Illustrated notes

Levels and vault maps discovered:
D:1:      dpeg_arrival_line_fractal, layout_basic, basic_ecumenical_altar,
          minmay_misc_feat_cross
D:2:      layout_rooms, serial_shops, shop, nicolae_shop_crystal,
          nicolae_square_shop, nicolae_shop_bloodbath_and_beyond, uniq_natasha,
          uniq_crazy_yiuf_cottage
D:3:      layout_basic, mainiacjoe_overflow_boulevard, st_stairs_7,
          minmay_diced_spiral, uniq_jessica, uniq_robin, uniq_grinder
D:4:      cheibrodos_greedy_goblins, layout_rooms,
          nicolae_overflow_crystal_walls
D:5:      layout_rooms, gup_sewer_entry_pipe, serial_glass, glass_columns_a,
          glass_columns_b
D:6:      layout_loops_ring, minmay_temple_entry_hall, minmay_small_thing,
          uniq_eustachio
D:7:      layout_rooms, minivault_4
D:8:      layout_rooms, led_sif_pool, serial_bayou, serial_bayou_pond_a,
          serial_bayou_lake_a, serial_bayou_shore_a, serial_bayou_shore_b,
          ebering_ghost_reflecting_pool
D:9:      layout_stronghold, nicolae_tso_swordbearing_angel,
          nicolae_gozag_zags_fifth_avenue
D:10:     layout_gridville, mainiacjoe_overflow_two_lobes,
          erik_lair_orcish_takeover, nicolae_trove_entry_crossroad,
          hangedman_abyss_or_decor_clamps
D:11:     nicolae_hexawheel, layout_basic, orc_david_3, serial_shops,
          nicolae_shop_hallway_plus, hangedman_glass_teeth,
          nicolae_vehumet_radiance

Skill      XL: |  1  2  3  4  5  6  7  8  9 10 11 12 |
---------------+-------------------------------------+-----
Invocations    | 2 3 5 7 10 12 13 14 | 14.1
Fighting       | 4 5 8 |  8.0
Axes           | 3 4 6 7 9 10 12 | 12.9
Armour         | 3 4 5 |  5.0
Dodging        | 2 3 4 5 |  5.0
Polearms       | 4 6 |  6.0

Action                   |  1- 3 |  4- 6 |  7- 9 | 10-12 || total
-------------------------+-------+-------+-------+-------++-------
Melee: Hand axe          |    61 |   173 |   282 |   169 ||   685
       Headbutt          |    15 |    17 |    33 |    62 ||   127
       Punch             |     1 |       |       |     5 ||     6
       Spear             |       |       |       |   130 ||   130
Invok: Depart the Abyss  |     1 |       |       |       ||     1
       Bend Space        |       |     1 |       |     1 ||     2
       Banish            |       |       |       |     7 ||     7
Evoke: Wand              |       |     1 |       |       ||     1
  Use: Scroll            |     2 |     6 |     7 |     1 ||    16
       Potion            |       |       |       |     7 ||     7
Armor: Leather armour    |    28 |    63 |    21 |       ||   112
       Chain mail        |       |       |    72 |   100 ||   172
Dodge: Dodged            |    35 |   112 |   119 |    98 ||   364
